 Dungeon Crawl Stone Soup version 0.28-a0-518-g36894cfc38 (webtiles) character file.

Game seed: 1555840095208079026

321 Majang the Chopper (level 6, -3/53 HPs)
             Began as a Ghoul Gladiator on Sept 23, 2021.
             Slain by a gnoll (5 damage)
             ... on level 4 of the Dungeon.
             The game lasted 00:07:15 (1540 turns).

Majang the Chopper (Ghoul Gladiator)                Turns: 1540, Time: 00:07:15

Health: -3/53      AC: 10    Str: 20    XL:     6   Next: 46%
Magic:  5/5        EV: 11    Int:  3    God:
Gold:   151        SH:  0    Dex: 10    Spells: 5/5 levels left

rFire   . . .      SeeInvis .   a - +0 war axe
rCold   + . .      Faith    .   (no shield)
rNeg    + + +      Spirit   .   m - +3 ring mail
rPois   ∞          Reflect  .   c - +0 helmet
rElec   .          Harm     .   (no cloak)
rCorr   .          Rampage  .   (no gloves)
Will    .....                   h - +0 pair of boots
Stlth   +.........              (no amulet)
HPRegen 0.00/turn               (no ring)
MPRegen 0.09/turn               (no ring)

@: inhibited regen
A: claws 1, cold resistance 1, negative energy resistance 3, inhibited
regeneration, torment resistance 2
a: no special abilities


You were on level 4 of the Dungeon.
You visited 1 branch of the dungeon, and saw 4 of its levels.

You collected 151 gold pieces.

Inventory:

Hand Weapons
 a - a +0 war axe (weapon)
Missiles
 d - 2 throwing nets (quivered)
Armour
 c - a +0 helmet (worn)
 h - a +0 pair of boots (worn)
 m - a +3 ring mail (worn)
Scrolls
 b - a scroll of vulnerability {unknown}
 e - a scroll of summoning {unknown}
 f - a scroll of teleportation {unknown}
 g - a scroll of torment {unknown}
 k - a scroll of magic mapping {unknown}
 l - a scroll of enchant weapon {unknown}
 o - a scroll of identify {unknown}
Potions
 i - a potion of degeneration {unknown}
 j - 2 potions of flight {unknown}
 n - a potion of ambrosia {unknown}


   Skills:
 + Level 4.3 Fighting
 * Level 5.3 Axes
 + Level 1.9 Throwing
 + Level 0.2 Armour
 + Level 2.7 Dodging
 + Level 0.8 Stealth


You had 5 spell levels left.
You didn't know any spells.
Your spell library contained the following spells:

 Spells                   Type           Power      Damage    Failure   Level
 Ensorcelled Hibernation  Hex/Ice        0%         N/A       83%         2
 Tukima's Dance           Hex            0%         N/A       97%         3


Dungeon Overview and Level Annotations

Branches:
Dungeon (4/15)
 Temple: D:4-7

Altars:


Innate Abilities, Weirdness & Mutations

You thrive by killing the living.
You are immune to poison.
You have sharp fingernails.
Your flesh is cold resistant. (rC+)
You are immune to negative energy. (rN+++)
You do not regenerate when monsters are visible.
You are immune to unholy pain and torment.


Message History

The gnoll barely misses you. The gnoll closely misses you.
You hit the gnoll but do no damage. The gnoll hits you but does no damage.
The gnoll hits you from afar with a +0 spear.
The gnoll hits you with a +0 flail. The gnoll hits you but does no damage.
You completely miss the gnoll. The gnoll misses you.
The gnoll hits you but does no damage. The gnoll closely misses you.
The gnoll hits you but does no damage.
You slash the gnoll!
The gnoll is severely wounded.
The gnoll misses you. The gnoll closely misses you.
The gnoll hits you but does no damage. The gnoll hits you with a +0 flail.
You closely miss the gnoll.
The gnoll is severely wounded.
The gnoll barely misses you.
The gnoll hits you from afar with a +0 spear.
* * * LOW HITPOINT WARNING * * *
The gnoll closely misses you.
You hit the gnoll.
You kill the gnoll!
The gnoll hits you from afar with a +0 spear.
* * * LOW HITPOINT WARNING * * *
The gnoll hits you but does no damage. The gnoll closely misses you.
There is an open door here.
There is a stone staircase leading down here.
The gnoll hits you with a +0 club.
* * * LOW HITPOINT WARNING * * *
The gnoll hits you but does no damage.
You climb downwards.
There is a stone staircase leading up here.
You barely miss the gnoll. The gnoll hits you with a +0 club.
* * * LOW HITPOINT WARNING * * *
You closely miss the gnoll. The gnoll hits you but does no damage.
The gnoll barely misses you.
You hit the gnoll.
The gnoll is heavily wounded.
The gnoll closely misses you.
You hit the gnoll.
The gnoll is severely wounded.
The gnoll hits you with a +0 club.
You die...

# .#
#.##
##...#
#@#
#..g...#
#.##.###
# ##. #


You could see a gnoll.

Vanquished Creatures
  Sigmund (D:2)
  A scorpion (D:2)
  Terence (D:2)
  A gnoll (D:3)
  3 adders
  4 dart slugs
  3 ball pythons
  9 bats
  An endoplasm (D:1)
  6 giant cockroaches
  2 goblins
  A hobgoblin (D:1)
  3 jackals (D:1)
  4 frilled lizards
  5 kobolds
  2 rats
47 creatures vanquished.

Vanquished Creatures (others)
  A goblin (D:1)
  20 plants (D:1)
21 creatures vanquished.

Grand Total: 68 creatures vanquished

Notes
Turn   | Place    | Note
-------+----------+-------------------------------------------
     0 | D:1      | Majang the Ghoul Gladiator began the quest for the Orb.
     0 | D:1      | Reached XP level 1. HP: 17/17 MP: 0/0
    31 | D:1      | Reached skill level 3 in Axes
   331 | D:1      | Reached XP level 2. HP: 25/25 MP: 1/1
   556 | D:1      | Reached XP level 3. HP: 30/30 MP: 2/2
   882 | D:2      | Noticed Sigmund
   893 | D:2      | Killed Sigmund
   894 | D:2      | Reached skill level 4 in Axes
   894 | D:2      | Reached XP level 4. HP: 40/40 MP: 3/3
   894 | D:2      | Reached XP level 5. HP: 46/46 MP: 4/4
   985 | D:2      | Reached skill level 5 in Axes
   985 | D:2      | Reached XP level 6. HP: 43/52 MP: 5/5
  1030 | D:2      | Noticed Terence
  1040 | D:2      | Killed Terence
  1537 | D:4      | HP: 2/53 [gnoll (5)]
  1540 | D:4      | Slain by a gnoll

Illustrated notes

Levels and vault maps discovered:
D:1:      roderic_crop_circles_arrival_large, layout_basic
D:2:      layout_rooms, uniq_terence, uniq_sigmund
D:3:      layout_loops_corners, grunt_temple_overflow_open,
          mainiacjoe_overflow_large_starburst, chequers_ecumenical_altar_simple,
          minmay_crystal_room
D:4:      layout_loops_ring, kennysheep_orc_chapel, uniq_robin

Skill      XL: |  1  2  3  4  5 |
---------------+----------------+-----
Axes           | 3 4 5 |  5.3
Fighting       | 4 |  4.3
Throwing       | |  1.9
Armour         | |  0.2
Dodging        | |  2.7
Stealth        | |  0.8

Action                   |  1- 3 |  4- 6 || total
-------------------------+-------+-------++-------
Melee: War axe           |    83 |    64 ||   147
Throw: Throwing net      |       |     1 ||     1
  Use: Potion            |     1 |       ||     1
 Stab: Invisible         |     1 |       ||     1
Armor: Leather armour    |     5 |       ||     5
       Ring mail         |    40 |    27 ||    67
       Scale mail        |       |     6 ||     6
Dodge: Dodged            |    73 |    38 ||   111

Table legend: (Time is in decaauts)
 A = Elapsed time spent in this place.
 B = Non-inter-level travel time spent in this place.
 C = Inter-level travel time spent in this place.
 D = Time resting spent in this place.
 E = Time spent auto-exploring this place.
 F = Levels seen in this place.
 G = Mean time per level.
                   A        B        C        D        E       F      G
               +--------+--------+--------+--------+--------+-----+--------+
         Total |   1582 |   1549 |     33 |    242 |    811 |   4 |  395.5 |
       Dungeon |   1582 |   1549 |     33 |    242 |    811 |   4 |  395.5 |
               +--------+--------+--------+--------+--------+-----+--------+

Top non-repeatable levels by time:
     D:1: 887 daAuts
     D:2: 452 daAuts
     D:3: 238 daAuts
     D:4: 4 daAuts
